Nordiques vs Maple Leafs

Created - 10 décembre 2023 at 20:02

Goals
1 2 3 OT1 SO T
Nordiques 1 0 2 0 3 4
Maple Leafs 0 2 1 0 1 3
Shots
1 2 3 OT1 SO T
Nordiques 13 10 13 1 3 37
Maple Leafs 9 20 13 0 2 42

GoalsPenalties
1st period
1. Nordiques , Sebastian Aho 7 (Kirby Dach 11, Simon Benoit 4) at 3:45
Nils Hoglander (QUE) for Interference (Minor) at 4:51
2nd period
2. Maple Leafs , Kaapo Kakko 3 (Andrei Svechnikov 13, Alex Iafallo 11) at 12:05
3. Maple Leafs , Mattias Janmark 7 (Hampus Lindholm 11, Mikhail Sergachev 2) at 16:48
Shayne Gostisbehere (QUE) for High sticking (Minor) at 3:55
3rd period
4. Nordiques , Paul Byron 6 (Alex Newhook 11, Ryan Lindgren 8) at 12:49
5. Nordiques , Joel Farabee 6 (Lucas Raymond 8, Pius Suter 3) at 15:11 (PP)
6. Maple Leafs , Jesper Bratt 6 (Nikolaj Ehlers 15, Ryan Johansen 8) at 15:58
Travis Sanheim (QUE) for Hooking (Minor) at 1:15
Timothy Liljegren (TOR) for High sticking (Minor) at 7:00
Linus Karlsson (TOR) for Hooking (Minor) at 15:04
Overtime #1
No Goal
Shootout
Nordiques, Kirby Dach - Goal!
Maple Leafs, Ryan Johansen - Stopped by Jaroslav Halak
Nordiques, Lucas Raymond - Goal!
Maple Leafs, Jesper Bratt - Goal!
Nordiques, Pius Suter - Goal!
Goalie Stats
Jaroslav Halak (QUE), 39 saves from 42 shots - (0,929), W, 2-3-1, 65:00 minutes
Jordan Binnington (TOR), 34 saves from 37 shots - (0,919), OTL, 3-8-4, 65:00 minutes
3 StarsOfficial
1 - Kaapo Kakko (TOR)
2 - Jaroslav Halak (QUE)
3 - Simon Benoit (QUE)
Referees : Corey Syvret and Mike Sheehan
Linesman : Colin Gates and Julien Fournier
Game Note
No Game Note
Finance
Level 1 -- Attendance: 4035 (67,25%) -- Ticket Income $443,850
Level 2 -- Attendance: 4748 (94,96%) -- Ticket Income $308,620
Level 3 -- Attendance: 1380 (69,00%) -- Ticket Income $62,100
Level 4 -- Attendance: 3848 (96,20%) -- Ticket Income $84,656
Luxury Box -- Attendance: 726 (72,60%) -- Ticket Income $163,350
Game was played at the Air Canada Center.
Total Attendance: 14737 (81,87%)
Total Ticket Income: $1,062,576
Other Income: $520,662
Total Income: $1,583,238



Team Name Goals Shots Shots Attemp Shots Blocked PIM HIT PP PK FO%
Nordiques 43769176191 / 2 (50%)039%
Maple Leafs 34281124150 / 3 (0%)161%

Nordiques
Player Name POS G A P +/- PIM HIT SHT SB MP PP MP PP SHT PK MP PK SHT FO% FOT GA TA
Alex NewhookC/LW0110012013:410:0000:00044% 1810
Alexander WennbergC/LW/RW0000000118:251:0302:2400% 012
Artyom AnisimovC000-1011016:390:0003:06039% 2300
Cole SmithLW000-1023016:390:0003:0600% 002
Hudson FaschingRW0000000113:150:0000:0000% 000
Joel FarabeeLW1010003115:021:0310:2700% 330
Kirby DachC/RW0110022115:521:0300:0000% 010
Lucas RaymondLW/RW0110010014:381:0300:0000% 000
Martin FehervaryD0000020318:500:4300:1600% 000
Mattias EkholmD000-3011323:461:2303:0800% 012
Nils HoglanderLW/RW000-1216113:110:0000:0000% 000
Paul ByronC/LW/RW1010015013:420:0000:270100% 110
Pius SuterC/RW0110022114:111:0300:00025% 2000
Ryan LindgrenD0112001120:010:0002:4900% 002
Sebastian AhoC/LW/RW1010013018:251:0302:24064% 1131
Shayne GostisbehereD000-3213321:591:2301:4900% 001
Simon BenoitD0112013020:010:0002:4900% 000
Travis SanheimD0000222120:430:4301:0300% 001
Maple Leafs
Player Name POS G A P +/- PIM HIT SHT SB MP PP MP PP SHT PK MP PK SHT FO% FOT GA TA
Alex IafalloC/LW0111004019:033:2000:00067% 1821
Alexander RomanovD000-1001124:273:3201:2700% 001
Andrei SvechnikovLW/RW0111033019:593:2801:1600% 000
Braden SchneiderD0000001014:250:0000:0000% 001
Cam FowlerD000-1014224:262:2501:2200% 012
Eric StaalC/LW0000015011:430:0000:00058% 1200
Hampus LindholmD0112001219:360:0000:3900% 000
Jesper BrattLW/RW101-1014124:402:2100:36050% 220
Jonas RondbjergLW/RW0000010111:370:0000:0000% 000
Kaapo KakkoRW1011011119:292:4201:1800% 210
Linus KarlssonC0000214013:090:0000:000100% 300
Matthew HighmoreLW/RW000100006:480:0300:0000% 000
Mattias JanmarkC/LW/RW1011003010:113:1500:27067% 610
Michael McCarronC/RW000100007:130:1800:00050% 400
Mikhail SergachevD0112003025:293:3200:4400% 015
Nikolaj EhlersRW011-1023219:430:0000:000100% 131
Ryan JohansenC/RW011-1012124:172:2400:35057% 2800
Timothy LiljegrenD0000233116:372:2500:0000% 000

Nordiques

5 vs 5 Forward
Line #Left WingCenterRight WingPHYDFOFWanted %Time %Time Play
1Alexander WennbergSebastian AhoKirby Dach0232527%13:50
2Joel FarabeePius SuterLucas Raymond0232523%11:45
3Paul ByronAlex NewhookHudson Fasching0232525%13:10
4Cole SmithArtyom AnisimovNils Hoglander0232525%13:12
5 vs 5 Defense
Line #DefenseDefensePHYDFOFWanted %Time %Time Play
1Mattias EkholmShayne Gostisbehere0233534%17:50
2Travis SanheimMartin Fehervary0233535%18:12
3Simon BenoitRyan Lindgren0233031%15:55
4Mattias EkholmShayne Gostisbehere02300%0:00
Power Play Forward
Line #Left WingCenterRight WingPHYDFOFWanted %Time %Time Play
1Alexander WennbergSebastian AhoKirby Dach0235050%1:03
2Joel FarabeePius SuterLucas Raymond0235050%1:03
Power Play Defense
Line #DefenseDefensePHYDFOFWanted %Time %Time Play
1Mattias EkholmShayne Gostisbehere0235066%1:23
2Travis SanheimMartin Fehervary0235034%0:43
Penalty Kill 4 Players Forward
Line #CenterWingPHYDFOFWanted %Time %Time Play
1Artyom AnisimovCole Smith0235052%3:06
2Sebastian AhoAlexander Wennberg0235048%2:51
Penalty Kill 4 Players Defense
Line #DefenseDefensePHYDFOFWanted %Time %Time Play
1Simon BenoitRyan Lindgren0235047%2:49
2Mattias EkholmShayne Gostisbehere0235053%3:08
Penalty Kill 3 Players
Line #WingPHYDFOFWanted %Time %Time PlayDefenseDefensePHYDFOFWanted %Time %Time Play
1Artyom Anisimov023500%0:00 Simon BenoitRyan Lindgren023500%0:00
2Sebastian Aho023500%0:00 Mattias EkholmShayne Gostisbehere023500%0:00
4 vs 4 Forward
Line #CenterWingPHYDFOFWanted %Time %Time Play
1Sebastian AhoAlexander Wennberg023500%0:00
2Pius SuterLucas Raymond023500%0:00
4 vs 4 Defense
Line #DefensePHYDFOFWanted %Time %Time Play
1Mattias EkholmShayne Gostisbehere023500%0:00
2Travis SanheimMartin Fehervary023500%0:00
Last Minutes Offensive
Left WingCenterRight WingDefenseDefense
Alexander WennbergSebastian AhoKirby DachMattias EkholmShayne Gostisbehere
Last Minutes Defensive
Left WingCenterRight WingDefenseDefense
Alexander WennbergSebastian AhoKirby DachMattias EkholmShayne Gostisbehere
Time
Total ForwardTotal DefenseLast Minutes OffensiveLast Minutes Defensive
60:00 60:00 0:000:00
Extra Forwards
Normal PowerPlayPenalty Kill
Alex Newhook, Paul Byron, Hudson FaschingAlex Newhook, Paul ByronPaul Byron
Extra Defensemen
Normal PowerPlayPenalty Kill
Simon Benoit, Ryan Lindgren, Mattias EkholmRyan Lindgren, Travis SanheimMartin Fehervary
Penalty Shots
Kirby Dach, Lucas Raymond, Pius Suter, Hudson Fasching, Alexander Wennberg
Goalie
Jaroslav Halak, Pavel Francouz
Custom OT Lines Forwards
Sebastian Aho, Alexander Wennberg, Kirby Dach, Pius Suter, Lucas Raymond, Joel Farabee, Alex Newhook, Paul Byron, Hudson Fasching, Artyom Anisimov
Custom OT Lines Defensemen
Mattias Ekholm, Shayne Gostisbehere, Travis Sanheim, Martin Fehervary, Simon Benoit
Scratches
Calle Rosen (Healthy), Philippe Myers (Healthy), Semyon Varlamov (Healthy)

Maple Leafs

5 vs 5 Forward
Line #Left WingCenterRight WingPHYDFOFWanted %Time %Time Play
1Jesper BrattRyan JohansenNikolaj Ehlers0324038%19:50
2Andrei SvechnikovAlex IafalloKaapo Kakko0323027%14:01
3Jonas RondbjergEric StaalLinus Karlsson0322022%11:37
4Matthew HighmoreMichael McCarronMattias Janmark2211012%6:29
5 vs 5 Defense
Line #DefenseDefensePHYDFOFWanted %Time %Time Play
1Hampus LindholmMikhail Sergachev0323637%19:09
2Alexander RomanovCam Fowler0323635%18:23
3Braden SchneiderTimothy Liljegren0322828%14:25
4Hampus LindholmMikhail Sergachev03200%0:00
Power Play Forward
Line #Left WingCenterRight WingPHYDFOFWanted %Time %Time Play
1Andrei SvechnikovMattias JanmarkAlex Iafallo0145055%3:15
2Jesper BrattRyan JohansenKaapo Kakko0145045%2:42
Power Play Defense
Line #DefenseDefensePHYDFOFWanted %Time %Time Play
1Alexander RomanovMikhail Sergachev0146059%3:32
2Timothy LiljegrenCam Fowler0144041%2:25
Penalty Kill 4 Players Forward
Line #CenterWingPHYDFOFWanted %Time %Time Play
1Kaapo KakkoAndrei Svechnikov1226090%1:54
2Mattias JanmarkJesper Bratt1224010%0:12
Penalty Kill 4 Players Defense
Line #DefenseDefensePHYDFOFWanted %Time %Time Play
1Cam FowlerAlexander Romanov1226065%1:22
2Mikhail SergachevTimothy Liljegren1224035%0:44
Penalty Kill 3 Players
Line #WingPHYDFOFWanted %Time %Time PlayDefenseDefensePHYDFOFWanted %Time %Time Play
1Jesper Bratt050600%0:00 Cam FowlerAlexander Romanov041600%0:00
2Mattias Janmark050400%0:00 Mikhail SergachevTimothy Liljegren041400%0:00
4 vs 4 Forward
Line #CenterWingPHYDFOFWanted %Time %Time Play
1Andrei SvechnikovKaapo Kakko122600%0:00
2Mattias JanmarkJesper Bratt122400%0:00
4 vs 4 Defense
Line #DefensePHYDFOFWanted %Time %Time Play
1Mikhail SergachevCam Fowler122600%0:00
2Alexander RomanovTimothy Liljegren122400%0:00
Last Minutes Offensive
Left WingCenterRight WingDefenseDefense
Alex IafalloAndrei SvechnikovJesper BrattMikhail SergachevCam Fowler
Last Minutes Defensive
Left WingCenterRight WingDefenseDefense
Alex IafalloAndrei SvechnikovJesper BrattMikhail SergachevCam Fowler
Time
Total ForwardTotal DefenseLast Minutes OffensiveLast Minutes Defensive
60:00 60:00 0:000:00
Extra Forwards
Normal PowerPlayPenalty Kill
Ryan Johansen, Andrei Svechnikov, Eric StaalAndrei Svechnikov, Jesper BrattRyan Johansen
Extra Defensemen
Normal PowerPlayPenalty Kill
Mikhail Sergachev, Cam Fowler, Hampus LindholmMikhail Sergachev, Alexander RomanovHampus Lindholm
Penalty Shots
Ryan Johansen, Jesper Bratt, Andrei Svechnikov, Cam Fowler, Linus Karlsson
Goalie
Jordan Binnington, Pyotr Kochetkov
Custom OT Lines Forwards
Alex Iafallo, Jesper Bratt, Linus Karlsson, Andrei Svechnikov, Kaapo Kakko, Ryan Johansen, Michael McCarron, Mattias Janmark, Matthew Highmore, Eric Staal
Custom OT Lines Defensemen
Mikhail Sergachev, Cam Fowler, Alexander Romanov, Timothy Liljegren, Braden Schneider
Scratches
Ben Hutton (Healthy), Travis Dermott (Healthy)


Play-by-Play

1st period


0:01 of 1st period - Sebastian Aho wins face-off versus Jesper Bratt in neutral zone.
0:16 of 1st period - Slapshot by Jesper Bratt.
0:16 of 1st period - Stopped by Jaroslav Halak without a rebound.
0:17 of 1st period - Alex Iafallo wins face-off versus Pius Suter in Nordiques zone.
0:20 of 1st period - Snap shot by Alex Iafallo.
0:20 of 1st period - Stopped by Jaroslav Halak with a rebound.
0:22 of 1st period - Snap shot by Alex Iafallo.
0:22 of 1st period - Shot Misses the Net.
0:24 of 1st period - Slapshot by Cam Fowler.
0:24 of 1st period - Stopped by Jaroslav Halak without a rebound.
0:25 of 1st period - Pius Suter wins face-off versus Alex Iafallo in Nordiques zone.
0:49 of 1st period - Off-side.
0:50 of 1st period - Eric Staal wins face-off versus Alex Newhook in neutral zone.
1:20 of 1st period - Slapshot by Shayne Gostisbehere.
1:20 of 1st period - Stopped by Jordan Binnington with a rebound.
1:28 of 1st period - Artyom Anisimov is hit by Jesper Bratt and loses puck.
1:57 of 1st period - Snap shot by Nils Hoglander.
1:57 of 1st period - Stopped by Jordan Binnington with a rebound.
1:59 of 1st period - Slapshot by Cole Smith.
1:59 of 1st period - Deflect By Artyom Anisimov.
1:59 of 1st period - Shot Misses the Net.
1:59 of 1st period - Puck is out of play.
2:00 of 1st period - Sebastian Aho wins face-off versus Michael McCarron in Maple Leafs zone.
2:07 of 1st period - Slapshot by Kirby Dach.
2:07 of 1st period - Stopped by Jordan Binnington without a rebound.
2:08 of 1st period - Ryan Johansen wins face-off versus Sebastian Aho in Maple Leafs zone.
2:21 of 1st period - Snap shot by Kirby Dach.
2:21 of 1st period - Stopped by Jordan Binnington with a rebound.
3:25 of 1st period - Slapshot by Kirby Dach.
3:25 of 1st period - Shot Misses the Net.
3:45 of 1st period - Slapshot by Sebastian Aho.
3:45 of 1st period - Goal by Sebastian Aho - Nordiques : 1 - Maple Leafs : 0.
3:46 of 1st period - Alex Iafallo wins face-off versus Alex Newhook in neutral zone.
4:11 of 1st period - Travis Sanheim is hit by Eric Staal and loses puck.
4:16 of 1st period - Wrist shot by Eric Staal.
4:16 of 1st period - Stopped by Jaroslav Halak without a rebound.
4:17 of 1st period - Eric Staal wins face-off versus Pius Suter in Nordiques zone.
4:22 of 1st period - Snap shot by Eric Staal.
4:22 of 1st period - Shot Blocked by Pius Suter.
4:24 of 1st period - Wrist shot by Jonas Rondbjerg.
4:24 of 1st period - Shot Misses the Net.
4:26 of 1st period - Slapshot by Braden Schneider.
4:26 of 1st period - Stopped by Jaroslav Halak with a rebound.
4:28 of 1st period - Slapshot by Eric Staal.
4:28 of 1st period - Shot Blocked by Joel Farabee.
4:30 of 1st period - Wrist shot by Eric Staal.
4:30 of 1st period - Stopped by Jaroslav Halak without a rebound.
4:31 of 1st period - Alex Iafallo wins face-off versus Alex Newhook in Nordiques zone.
4:42 of 1st period - Snap shot by Alex Iafallo.
4:42 of 1st period - Stopped by Jaroslav Halak without a rebound.
4:43 of 1st period - Mattias Janmark wins face-off versus Artyom Anisimov in Nordiques zone.
4:51 of 1st period - Minor Penalty to Nils Hoglander for Interference.
4:52 of 1st period - Artyom Anisimov wins face-off versus Mattias Janmark in Nordiques zone.
5:08 of 1st period - Off-side.
5:09 of 1st period - Artyom Anisimov wins face-off versus Ryan Johansen in neutral zone.
5:43 of 1st period - Wrist shot by Alex Iafallo.
5:43 of 1st period - Shot Blocked by Shayne Gostisbehere.
5:45 of 1st period - Wrist shot by Andrei Svechnikov.
5:45 of 1st period - Shot Blocked by Alexander Wennberg.
6:51 of 1st period - Penalty to Nils Hoglander is over, Nils Hoglander is back on ice.
7:07 of 1st period - Slapshot by Eric Staal.
7:07 of 1st period - Shot Misses the Net.
7:10 of 1st period - Icing by Joel Farabee.
7:11 of 1st period - Pius Suter wins face-off versus Eric Staal in Nordiques zone.
7:11 of 1st period - Pius Suter is hit by Linus Karlsson.
8:52 of 1st period - Jonas Rondbjerg is hit by Pius Suter and loses puck.
9:09 of 1st period - Wrist shot by Mattias Janmark.
9:09 of 1st period - Stopped by Jaroslav Halak without a rebound.
9:10 of 1st period - Alex Newhook wins face-off versus Alex Iafallo in Nordiques zone.
9:35 of 1st period - Cam Fowler is hit by Shayne Gostisbehere and loses puck.
10:42 of 1st period - Paul Byron is hit by Timothy Liljegren and loses puck.
11:29 of 1st period - Snap shot by Lucas Raymond.
11:29 of 1st period - Shot Blocked by Alexander Romanov.
11:57 of 1st period - Kaapo Kakko is hit by Kirby Dach and loses puck.
12:38 of 1st period - Snap shot by Sebastian Aho.
12:38 of 1st period - Shot Misses the Net.
12:40 of 1st period - Slapshot by Mattias Ekholm.
12:40 of 1st period - Shot Misses the Net.
12:42 of 1st period - Wrist shot by Kirby Dach.
12:42 of 1st period - Shot Blocked by Hampus Lindholm.
12:44 of 1st period - Slapshot by Mattias Ekholm.
12:44 of 1st period - Stopped by Jordan Binnington with a rebound.
12:49 of 1st period - Icing by Mikhail Sergachev.
12:50 of 1st period - Artyom Anisimov wins face-off versus Eric Staal in Maple Leafs zone.
13:35 of 1st period - Icing by Martin Fehervary.
13:36 of 1st period - Alex Iafallo wins face-off versus Pius Suter in Nordiques zone.
13:47 of 1st period - Wrist shot by Alex Iafallo.
13:47 of 1st period - Shot Misses the Net.
14:41 of 1st period - Paul Byron is hit by Andrei Svechnikov and loses puck.
14:50 of 1st period - Icing by Ryan Lindgren.
14:51 of 1st period - Alex Newhook wins face-off versus Ryan Johansen in Nordiques zone.
15:04 of 1st period - Snap shot by Hudson Fasching.
15:04 of 1st period - Shot Hit the Post.
15:18 of 1st period - Snap shot by Paul Byron.
15:18 of 1st period - Shot Misses the Net.
15:20 of 1st period - Slapshot by Simon Benoit.
15:20 of 1st period - Stopped by Jordan Binnington without a rebound.
15:21 of 1st period - Alex Iafallo wins face-off versus Artyom Anisimov in Maple Leafs zone.
15:21 of 1st period - Alex Iafallo is hit by Travis Sanheim.
16:35 of 1st period - Wrist shot by Pius Suter.
16:35 of 1st period - Stopped by Jordan Binnington without a rebound.
16:36 of 1st period - Alex Iafallo wins face-off versus Alex Newhook in Maple Leafs zone.
16:41 of 1st period - Wrist shot by Kaapo Kakko.
16:41 of 1st period - Shot Misses the Net.
17:21 of 1st period - Wrist shot by Linus Karlsson.
17:21 of 1st period - Deflect By Jonas Rondbjerg.
17:21 of 1st period - Shot Misses the Net.
17:21 of 1st period - Puck is out of play.
17:22 of 1st period - Sebastian Aho wins face-off versus Eric Staal in Nordiques zone.
17:27 of 1st period - Wrist shot by Sebastian Aho.
17:27 of 1st period - Deflect By Hampus Lindholm.
17:27 of 1st period - Shot Blocked by Jonas Rondbjerg.
17:27 of 1st period - Puck is out of play.
17:28 of 1st period - Ryan Johansen wins face-off versus Pius Suter in Maple Leafs zone.
17:43 of 1st period - Snap shot by Nikolaj Ehlers.
17:43 of 1st period - Stopped by Jaroslav Halak without a rebound.
17:44 of 1st period - Artyom Anisimov wins face-off versus Alex Iafallo in Nordiques zone.
17:53 of 1st period - Snap shot by Cole Smith.
17:53 of 1st period - Stopped by Jordan Binnington without a rebound.
17:54 of 1st period - Alex Iafallo wins face-off versus Artyom Anisimov in Maple Leafs zone.
18:22 of 1st period - Wrist shot by Nils Hoglander.
18:22 of 1st period - Shot Misses the Net.
18:24 of 1st period - Snap shot by Cole Smith.
18:24 of 1st period - Stopped by Jordan Binnington with a rebound.
18:30 of 1st period - Slapshot by Nils Hoglander.
18:30 of 1st period - Stopped by Jordan Binnington without a rebound.
18:31 of 1st period - Pius Suter wins face-off versus Ryan Johansen in Maple Leafs zone.
18:38 of 1st period - Slapshot by Joel Farabee.
18:38 of 1st period - Shot Blocked by Jesper Bratt.
19:27 of 1st period - Snap shot by Paul Byron.
19:27 of 1st period - Stopped by Jordan Binnington without a rebound.
19:28 of 1st period - Alex Newhook wins face-off versus Ryan Johansen in Maple Leafs zone.
19:33 of 1st period - Snap shot by Paul Byron.
19:33 of 1st period - Stopped by Jordan Binnington with a rebound.
19:39 of 1st period - Hampus Lindholm is hit by Paul Byron and loses puck.
Goals for this period are 1 for Nordiques vs 0 for Maple Leafs.
Shots for this period are 13 for Nordiques vs 9 for Maple Leafs.

2nd period


0:01 of 2nd period - Ryan Johansen wins face-off versus Sebastian Aho in neutral zone.
0:06 of 2nd period - Wrist shot by Jesper Bratt.
0:06 of 2nd period - Shot Misses the Net.
0:30 of 2nd period - Snap shot by Nils Hoglander.
0:30 of 2nd period - Stopped by Jordan Binnington without a rebound.
0:31 of 2nd period - Artyom Anisimov wins face-off versus Alex Iafallo in Maple Leafs zone.
1:02 of 2nd period - Off-side.
1:03 of 2nd period - Ryan Johansen wins face-off versus Pius Suter in neutral zone.
1:30 of 2nd period - Martin Fehervary is hit by Andrei Svechnikov and loses puck.
1:39 of 2nd period - Travis Sanheim is hit by Andrei Svechnikov and loses puck.
1:52 of 2nd period - Slapshot by Hampus Lindholm.
1:52 of 2nd period - Shot Misses the Net.
1:54 of 2nd period - Snap shot by Linus Karlsson.
1:54 of 2nd period - Stopped by Jaroslav Halak with a rebound.
1:56 of 2nd period - Snap shot by Jonas Rondbjerg.
1:56 of 2nd period - Shot Blocked by Mattias Ekholm.
1:58 of 2nd period - Backhand shot by Mikhail Sergachev.
1:58 of 2nd period - Stopped by Jaroslav Halak with a rebound.
2:00 of 2nd period - Snap shot by Eric Staal.
2:00 of 2nd period - Shot Misses the Net.
2:12 of 2nd period - Snap shot by Jesper Bratt.
2:12 of 2nd period - Stopped by Jaroslav Halak with a rebound.
2:14 of 2nd period - Snap shot by Ryan Johansen.
2:14 of 2nd period - Shot Misses the Net.
2:16 of 2nd period - Snap shot by Ryan Johansen.
2:16 of 2nd period - Deflect By Nikolaj Ehlers.
2:16 of 2nd period - Shot Blocked by Nils Hoglander.
2:16 of 2nd period - Puck is out of play.
2:17 of 2nd period - Ryan Johansen wins face-off versus Artyom Anisimov in Nordiques zone.
2:28 of 2nd period - Wrist shot by Nikolaj Ehlers.
2:28 of 2nd period - Stopped by Jaroslav Halak with a rebound.
2:30 of 2nd period - Snap shot by Alexander Romanov.
2:30 of 2nd period - Shot Misses the Net.
2:32 of 2nd period - Slapshot by Cam Fowler.
2:32 of 2nd period - Deflect By Artyom Anisimov.
2:32 of 2nd period - Stopped by Jaroslav Halak with a rebound.
2:49 of 2nd period - Slapshot by Shayne Gostisbehere.
2:49 of 2nd period - Stopped by Jordan Binnington without a rebound.
2:50 of 2nd period - Alex Newhook wins face-off versus Ryan Johansen in Maple Leafs zone.
2:51 of 2nd period - Wrist shot by Paul Byron.
2:51 of 2nd period - Deflect By Hudson Fasching.
2:51 of 2nd period - Shot Blocked by Timothy Liljegren.
2:51 of 2nd period - Puck is out of play.
2:52 of 2nd period - Ryan Johansen wins face-off versus Alex Newhook in Maple Leafs zone.
2:56 of 2nd period - Off-side.
2:57 of 2nd period - Alex Newhook wins face-off versus Ryan Johansen in neutral zone.
3:01 of 2nd period - Wrist shot by Paul Byron.
3:01 of 2nd period - Shot Misses the Net.
3:03 of 2nd period - Slapshot by Hudson Fasching.
3:03 of 2nd period - Shot Misses the Net.
3:55 of 2nd period - Minor Penalty to Shayne Gostisbehere for High sticking.
3:56 of 2nd period - Sebastian Aho wins face-off versus Mattias Janmark in Nordiques zone.
5:13 of 2nd period - Simon Benoit is hit by Timothy Liljegren.
5:55 of 2nd period - Penalty to Shayne Gostisbehere is over, Shayne Gostisbehere is back on ice.
6:02 of 2nd period - Ryan Johansen is hit by Lucas Raymond and loses puck.
7:12 of 2nd period - Icing by Jonas Rondbjerg.
7:13 of 2nd period - Artyom Anisimov wins face-off versus Eric Staal in Maple Leafs zone.
7:45 of 2nd period - Wrist shot by Kirby Dach.
7:45 of 2nd period - Shot Misses the Net.
8:03 of 2nd period - Kaapo Kakko is hit by Simon Benoit and loses puck.
8:11 of 2nd period - Icing by Hampus Lindholm.
8:12 of 2nd period - Michael McCarron wins face-off versus Pius Suter in Maple Leafs zone.
8:25 of 2nd period - Backhand shot by Mattias Janmark.
8:25 of 2nd period - Shot Blocked by Shayne Gostisbehere.
8:27 of 2nd period - Slapshot by Hampus Lindholm.
8:27 of 2nd period - Stopped by Jaroslav Halak without a rebound.
8:28 of 2nd period - Ryan Johansen wins face-off versus Artyom Anisimov in Nordiques zone.
8:53 of 2nd period - Alexander Romanov is hit by Mattias Ekholm.
9:15 of 2nd period - Slapshot by Cam Fowler.
9:15 of 2nd period - Shot Blocked by Martin Fehervary.
9:21 of 2nd period - Snap shot by Eric Staal.
9:21 of 2nd period - Shot Blocked by Travis Sanheim.
9:23 of 2nd period - Snap shot by Alexander Romanov.
9:23 of 2nd period - Stopped by Jaroslav Halak without a rebound.
9:24 of 2nd period - Ryan Johansen wins face-off versus Artyom Anisimov in Nordiques zone.
10:57 of 2nd period - Slapshot by Shayne Gostisbehere.
10:57 of 2nd period - Stopped by Jordan Binnington with a rebound.
10:59 of 2nd period - Slapshot by Cole Smith.
10:59 of 2nd period - Shot Blocked by Nikolaj Ehlers.
11:01 of 2nd period - Wrist shot by Nils Hoglander.
11:01 of 2nd period - Stopped by Jordan Binnington with a rebound.
11:16 of 2nd period - Off-side.
11:17 of 2nd period - Alex Iafallo wins face-off versus Pius Suter in neutral zone.
11:29 of 2nd period - Icing by Alex Iafallo.
11:30 of 2nd period - Alex Iafallo wins face-off versus Artyom Anisimov in Maple Leafs zone.
11:30 of 2nd period - Alex Iafallo is hit by Cole Smith.
11:43 of 2nd period - Backhand shot by Andrei Svechnikov.
11:43 of 2nd period - Stopped by Jaroslav Halak with a rebound.
11:45 of 2nd period - Slapshot by Hampus Lindholm.
11:45 of 2nd period - Shot Blocked by Shayne Gostisbehere.
11:51 of 2nd period - Wrist shot by Alex Iafallo.
11:51 of 2nd period - Stopped by Jaroslav Halak with a rebound.
12:03 of 2nd period - Snap shot by Andrei Svechnikov.
12:03 of 2nd period - Stopped by Jaroslav Halak with a rebound.
12:05 of 2nd period - Snap shot by Kaapo Kakko.
12:05 of 2nd period - Goal by Kaapo Kakko - Nordiques : 1 - Maple Leafs : 1.
12:06 of 2nd period - Sebastian Aho wins face-off versus Ryan Johansen in neutral zone.
12:15 of 2nd period - Slapshot by Sebastian Aho.
12:15 of 2nd period - Stopped by Jordan Binnington with a rebound.
12:17 of 2nd period - Slapshot by Travis Sanheim.
12:17 of 2nd period - Shot Blocked by Nikolaj Ehlers.
12:19 of 2nd period - Wrist shot by Sebastian Aho.
12:19 of 2nd period - Shot Misses the Net.
12:21 of 2nd period - Slapshot by Travis Sanheim.
12:21 of 2nd period - Stopped by Jordan Binnington with a rebound.
12:23 of 2nd period - Slapshot by Martin Fehervary.
12:23 of 2nd period - Shot Misses the Net.
12:39 of 2nd period - Slapshot by Andrei Svechnikov.
12:39 of 2nd period - Shot Blocked by Martin Fehervary.
12:41 of 2nd period - Snap shot by Alexander Romanov.
12:41 of 2nd period - Shot Blocked by Hudson Fasching.
12:43 of 2nd period - Wrist shot by Andrei Svechnikov.
12:43 of 2nd period - Stopped by Jaroslav Halak without a rebound.
12:44 of 2nd period - Eric Staal wins face-off versus Pius Suter in Nordiques zone.
13:09 of 2nd period - Timothy Liljegren is hit by Kirby Dach and loses puck.
13:36 of 2nd period - Slapshot by Paul Byron.
13:36 of 2nd period - Shot Misses the Net.
13:38 of 2nd period - Slapshot by Simon Benoit.
13:38 of 2nd period - Stopped by Jordan Binnington without a rebound.
13:39 of 2nd period - Ryan Johansen wins face-off versus Pius Suter in Maple Leafs zone.
14:04 of 2nd period - Shayne Gostisbehere is hit by Jonas Rondbjerg.
14:05 of 2nd period - Icing by Shayne Gostisbehere.
14:06 of 2nd period - Linus Karlsson wins face-off versus Pius Suter in Nordiques zone.
14:39 of 2nd period - Wrist shot by Lucas Raymond.
14:39 of 2nd period - Deflect By Pius Suter.
14:39 of 2nd period - Stopped by Jordan Binnington without a rebound.
14:40 of 2nd period - Alex Iafallo wins face-off versus Artyom Anisimov in Maple Leafs zone.
14:49 of 2nd period - Snap shot by Alex Iafallo.
14:49 of 2nd period - Stopped by Jaroslav Halak with a rebound.
14:51 of 2nd period - Slapshot by Timothy Liljegren.
14:51 of 2nd period - Stopped by Jaroslav Halak with a rebound.
14:53 of 2nd period - Slapshot by Timothy Liljegren.
14:53 of 2nd period - Deflect By Nils Hoglander.
14:53 of 2nd period - Stopped by Jaroslav Halak with a rebound.
15:07 of 2nd period - Braden Schneider is hit by Travis Sanheim and loses puck.
15:38 of 2nd period - Wrist shot by Paul Byron.
15:38 of 2nd period - Shot Blocked by Cam Fowler.
16:42 of 2nd period - Slapshot by Mattias Janmark.
16:42 of 2nd period - Stopped by Jaroslav Halak with a rebound.
16:44 of 2nd period - Slapshot by Mikhail Sergachev.
16:44 of 2nd period - Shot Misses the Net.
16:46 of 2nd period - Slapshot by Hampus Lindholm.
16:46 of 2nd period - Shot Blocked by Mattias Ekholm.
16:48 of 2nd period - Wrist shot by Mattias Janmark.
16:48 of 2nd period - Goal by Mattias Janmark - Nordiques : 1 - Maple Leafs : 2.
16:49 of 2nd period - Alex Newhook wins face-off versus Ryan Johansen in neutral zone.
16:52 of 2nd period - Snap shot by Paul Byron.
16:52 of 2nd period - Shot Misses the Net.
16:54 of 2nd period - Slapshot by Martin Fehervary.
16:54 of 2nd period - Shot Blocked by Ryan Johansen.
16:56 of 2nd period - Slapshot by Martin Fehervary.
16:56 of 2nd period - Deflect By Alex Newhook.
16:56 of 2nd period - Stopped by Jordan Binnington with a rebound.
17:47 of 2nd period - Wrist shot by Linus Karlsson.
17:47 of 2nd period - Stopped by Jaroslav Halak without a rebound.
17:48 of 2nd period - Nikolaj Ehlers wins face-off versus Alex Newhook in Nordiques zone.
17:57 of 2nd period - Snap shot by Nikolaj Ehlers.
17:57 of 2nd period - Stopped by Jaroslav Halak with a rebound.
19:14 of 2nd period - Snap shot by Paul Byron.
19:14 of 2nd period - Stopped by Jordan Binnington without a rebound.
19:15 of 2nd period - Ryan Johansen wins face-off versus Alex Newhook in Maple Leafs zone.
19:15 of 2nd period - Ryan Johansen is hit by Martin Fehervary.
19:39 of 2nd period - Martin Fehervary is hit by Nikolaj Ehlers and loses puck.
19:50 of 2nd period - Snap shot by Nikolaj Ehlers.
19:50 of 2nd period - Deflect By Jesper Bratt.
19:50 of 2nd period - Stopped by Jaroslav Halak without a rebound.
19:51 of 2nd period - Artyom Anisimov wins face-off versus Alex Iafallo in Nordiques zone.
Goals for this period are 0 for Nordiques vs 2 for Maple Leafs.
Shots for this period are 10 for Nordiques vs 20 for Maple Leafs.

3rd period


0:01 of 3rd period - Sebastian Aho wins face-off versus Ryan Johansen in neutral zone.
1:15 of 3rd period - Minor Penalty to Travis Sanheim for Hooking.
1:16 of 3rd period - Mattias Janmark wins face-off versus Artyom Anisimov in Nordiques zone.
2:07 of 3rd period - Icing by Alexander Romanov.
2:08 of 3rd period - Mattias Janmark wins face-off versus Sebastian Aho in Maple Leafs zone.
2:59 of 3rd period - Icing by Mikhail Sergachev.
3:00 of 3rd period - Paul Byron wins face-off versus Michael McCarron in Maple Leafs zone.
3:15 of 3rd period - Penalty to Travis Sanheim is over, Travis Sanheim is back on ice.
3:25 of 3rd period - Wrist shot by Jonas Rondbjerg.
3:25 of 3rd period - Shot Misses the Net.
3:27 of 3rd period - Snap shot by Jonas Rondbjerg.
3:27 of 3rd period - Shot Blocked by Mattias Ekholm.
3:31 of 3rd period - Wrist shot by Eric Staal.
3:31 of 3rd period - Stopped by Jaroslav Halak with a rebound.
3:33 of 3rd period - Snap shot by Linus Karlsson.
3:33 of 3rd period - Stopped by Jaroslav Halak with a rebound.
3:35 of 3rd period - Snap shot by Eric Staal.
3:35 of 3rd period - Stopped by Jaroslav Halak without a rebound.
3:36 of 3rd period - Michael McCarron wins face-off versus Pius Suter in Nordiques zone.
3:51 of 3rd period - Slapshot by Joel Farabee.
3:51 of 3rd period - Stopped by Jordan Binnington with a rebound.
4:08 of 3rd period - Wrist shot by Alex Newhook.
4:08 of 3rd period - Shot Misses the Net.
4:10 of 3rd period - Slapshot by Ryan Lindgren.
4:10 of 3rd period - Stopped by Jordan Binnington without a rebound.
4:11 of 3rd period - Ryan Johansen wins face-off versus Artyom Anisimov in Maple Leafs zone.
5:34 of 3rd period - Slapshot by Cam Fowler.
5:34 of 3rd period - Shot Blocked by Ryan Lindgren.
5:56 of 3rd period - Wrist shot by Ryan Johansen.
5:56 of 3rd period - Stopped by Jaroslav Halak with a rebound.
5:58 of 3rd period - Wrist shot by Ryan Johansen.
5:58 of 3rd period - Stopped by Jaroslav Halak with a rebound.
6:36 of 3rd period - Snap shot by Alex Newhook.
6:36 of 3rd period - Deflect By Paul Byron.
6:36 of 3rd period - Stopped by Jordan Binnington with a rebound.
7:00 of 3rd period - Minor Penalty to Timothy Liljegren for High sticking.
7:01 of 3rd period - Sebastian Aho wins face-off versus Kaapo Kakko in Maple Leafs zone.
8:28 of 3rd period - Icing by Joel Farabee.
8:29 of 3rd period - Mattias Janmark wins face-off versus Pius Suter in Nordiques zone.
9:00 of 3rd period - Penalty to Timothy Liljegren is over, Timothy Liljegren is back on ice.
9:14 of 3rd period - Cam Fowler is hit by Cole Smith and loses puck.
9:31 of 3rd period - Wrist shot by Paul Byron.
9:31 of 3rd period - Shot Misses the Net.
9:33 of 3rd period - Snap shot by Hudson Fasching.
9:33 of 3rd period - Deflect By Cam Fowler.
9:33 of 3rd period - Shot Hit the Post.
9:33 of 3rd period - Puck is out of play.
9:34 of 3rd period - Jesper Bratt wins face-off versus Pius Suter in Maple Leafs zone.
9:39 of 3rd period - Slapshot by Hampus Lindholm.
9:39 of 3rd period - Deflect By Jesper Bratt.
9:39 of 3rd period - Shot Misses the Net.
9:39 of 3rd period - Puck is out of play.
9:40 of 3rd period - Ryan Johansen wins face-off versus Pius Suter in Nordiques zone.
10:05 of 3rd period - Wrist shot by Nils Hoglander.
10:05 of 3rd period - Shot Blocked by Kaapo Kakko.
10:07 of 3rd period - Slapshot by Simon Benoit.
10:07 of 3rd period - Stopped by Jordan Binnington with a rebound.
10:11 of 3rd period - Snap shot by Nils Hoglander.
10:11 of 3rd period - Shot Misses the Net.
10:15 of 3rd period - Wrist shot by Nils Hoglander.
10:15 of 3rd period - Stopped by Jordan Binnington without a rebound.
10:16 of 3rd period - Ryan Johansen wins face-off versus Alex Newhook in Maple Leafs zone.
10:23 of 3rd period - Ryan Johansen is hit by Alex Newhook and loses puck.
10:41 of 3rd period - Cole Smith is hit by Timothy Liljegren and loses puck.
11:07 of 3rd period - Snap shot by Mikhail Sergachev.
11:07 of 3rd period - Shot Misses the Net.
11:09 of 3rd period - Slapshot by Linus Karlsson.
11:09 of 3rd period - Stopped by Jaroslav Halak without a rebound.
11:10 of 3rd period - Alex Newhook wins face-off versus Ryan Johansen in Nordiques zone.
11:22 of 3rd period - Alex Newhook is hit by Ryan Johansen and loses puck.
11:43 of 3rd period - Wrist shot by Travis Sanheim.
11:43 of 3rd period - Stopped by Jordan Binnington with a rebound.
11:45 of 3rd period - Slapshot by Travis Sanheim.
11:45 of 3rd period - Shot Blocked by Hampus Lindholm.
11:47 of 3rd period - Slapshot by Artyom Anisimov.
11:47 of 3rd period - Stopped by Jordan Binnington with a rebound.
11:57 of 3rd period - Slapshot by Mikhail Sergachev.
11:57 of 3rd period - Shot Misses the Net.
11:59 of 3rd period - Slapshot by Mikhail Sergachev.
11:59 of 3rd period - Stopped by Jaroslav Halak with a rebound.
12:17 of 3rd period - Alexander Romanov is hit by Sebastian Aho and loses puck.
12:49 of 3rd period - Snap shot by Paul Byron.
12:49 of 3rd period - Goal by Paul Byron - Nordiques : 2 - Maple Leafs : 2.
12:50 of 3rd period - Artyom Anisimov wins face-off versus Ryan Johansen in neutral zone.
12:56 of 3rd period - Icing by Nikolaj Ehlers.
12:57 of 3rd period - Ryan Johansen wins face-off versus Artyom Anisimov in Maple Leafs zone.
13:28 of 3rd period - Mattias Ekholm is hit by Cam Fowler and loses puck.
13:33 of 3rd period - Snap shot by Kaapo Kakko.
13:33 of 3rd period - Shot Misses the Net.
13:35 of 3rd period - Slapshot by Cam Fowler.
13:35 of 3rd period - Stopped by Jaroslav Halak without a rebound.
13:36 of 3rd period - Linus Karlsson wins face-off versus Artyom Anisimov in Nordiques zone.
13:39 of 3rd period - Slapshot by Timothy Liljegren.
13:39 of 3rd period - Stopped by Jaroslav Halak without a rebound.
13:40 of 3rd period - Eric Staal wins face-off versus Artyom Anisimov in Nordiques zone.
13:49 of 3rd period - Snap shot by Linus Karlsson.
13:49 of 3rd period - Shot Misses the Net.
13:53 of 3rd period - Snap shot by Eric Staal.
13:53 of 3rd period - Stopped by Jaroslav Halak with a rebound.
13:55 of 3rd period - Slapshot by Braden Schneider.
13:55 of 3rd period - Deflect By Linus Karlsson.
13:55 of 3rd period - Deflect By Martin Fehervary.
13:55 of 3rd period - Shot Misses the Net.
13:55 of 3rd period - Puck is out of play.
13:56 of 3rd period - Ryan Johansen wins face-off versus Pius Suter in Nordiques zone.
14:31 of 3rd period - Alexander Romanov is hit by Martin Fehervary.
14:53 of 3rd period - Snap shot by Mikhail Sergachev.
14:53 of 3rd period - Stopped by Jaroslav Halak with a rebound.
14:55 of 3rd period - Snap shot by Mattias Janmark.
14:55 of 3rd period - Shot Blocked by Martin Fehervary.
15:04 of 3rd period - Minor Penalty to Linus Karlsson for Hooking.
15:05 of 3rd period - Pius Suter wins face-off versus Kaapo Kakko in Maple Leafs zone.
15:11 of 3rd period - Backhand shot by Joel Farabee.
15:11 of 3rd period - Goal by Joel Farabee - Nordiques : 3 - Maple Leafs : 2.
15:12 of 3rd period - Alex Newhook wins face-off versus Ryan Johansen in neutral zone.
15:58 of 3rd period - Snap shot by Jesper Bratt.
15:58 of 3rd period - Goal by Jesper Bratt - Nordiques : 3 - Maple Leafs : 3.
15:59 of 3rd period - Eric Staal wins face-off versus Artyom Anisimov in neutral zone.
16:08 of 3rd period - Slapshot by Cam Fowler.
16:08 of 3rd period - Stopped by Jaroslav Halak without a rebound.
16:09 of 3rd period - Artyom Anisimov wins face-off versus Eric Staal in Nordiques zone.
16:18 of 3rd period - Icing by Cam Fowler.
16:19 of 3rd period - Eric Staal wins face-off versus Alex Newhook in Maple Leafs zone.
16:44 of 3rd period - Jesper Bratt is hit by Artyom Anisimov and loses puck.
16:51 of 3rd period - Nils Hoglander is hit by Nikolaj Ehlers and loses puck.
17:23 of 3rd period - Icing by Hampus Lindholm.
17:24 of 3rd period - Pius Suter wins face-off versus Alex Iafallo in Maple Leafs zone.
17:27 of 3rd period - Snap shot by Alex Newhook.
17:27 of 3rd period - Stopped by Jordan Binnington with a rebound.
18:04 of 3rd period - Slapshot by Mikhail Sergachev.
18:04 of 3rd period - Shot Misses the Net.
18:27 of 3rd period - Wrist shot by Alexander Wennberg.
18:27 of 3rd period - Shot Misses the Net.
18:29 of 3rd period - Snap shot by Alexander Wennberg.
18:29 of 3rd period - Shot Misses the Net.
18:31 of 3rd period - Wrist shot by Sebastian Aho.
18:31 of 3rd period - Stopped by Jordan Binnington without a rebound.
18:32 of 3rd period - Eric Staal wins face-off versus Alex Newhook in Maple Leafs zone.
19:00 of 3rd period - Mattias Janmark is hit by Nils Hoglander.
19:08 of 3rd period - Snap shot by Nils Hoglander.
19:08 of 3rd period - Stopped by Jordan Binnington with a rebound.
19:10 of 3rd period - Wrist shot by Cole Smith.
19:10 of 3rd period - Stopped by Jordan Binnington with a rebound.
19:20 of 3rd period - Wrist shot by Nikolaj Ehlers.
19:20 of 3rd period - Shot Misses the Net.
19:22 of 3rd period - Snap shot by Braden Schneider.
19:22 of 3rd period - Shot Misses the Net.
19:24 of 3rd period - Wrist shot by Timothy Liljegren.
19:24 of 3rd period - Shot Blocked by Kirby Dach.
Goals for this period are 2 for Nordiques vs 1 for Maple Leafs.
Shots for this period are 13 for Nordiques vs 13 for Maple Leafs.

Overtime #1


0:01 of 1st overtime period - Alex Iafallo wins face-off versus Sebastian Aho in neutral zone.
0:26 of 1st overtime period - Mikhail Sergachev is hit by Pius Suter and loses puck.
1:13 of 1st overtime period - Wrist shot by Joel Farabee.
1:13 of 1st overtime period - Stopped by Jordan Binnington without a rebound.
1:14 of 1st overtime period - Ryan Johansen wins face-off versus Joel Farabee in Maple Leafs zone.
1:23 of 1st overtime period - Lucas Raymond is hit by Kaapo Kakko.
1:31 of 1st overtime period - Icing by Joel Farabee.
1:32 of 1st overtime period - Alex Iafallo wins face-off versus Joel Farabee in Nordiques zone.
1:46 of 1st overtime period - Snap shot by Joel Farabee.
1:46 of 1st overtime period - Shot Blocked by Cam Fowler.
2:01 of 1st overtime period - Icing by Lucas Raymond.
2:02 of 1st overtime period - Linus Karlsson wins face-off versus Joel Farabee in Nordiques zone.
Goals for this period are 0 for Nordiques vs 0 for Maple Leafs.
Shots for this period are 1 for Nordiques vs 0 for Maple Leafs.

ShootOut


5:00 of 1st overtime period - Round #1.
5:00 of 1st overtime period - Nordiques, Kirby Dach.
5:00 of 1st overtime period - Snap shot by Kirby Dach.
5:00 of 1st overtime period - Goal by Kirby Dach.
5:00 of 1st overtime period - Maple Leafs, Ryan Johansen.
5:00 of 1st overtime period - Wrist shot by Ryan Johansen.
5:00 of 1st overtime period - Stopped by Jaroslav Halak.
5:00 of 1st overtime period - Round #2.
5:00 of 1st overtime period - Nordiques, Lucas Raymond.
5:00 of 1st overtime period - Backhand shot by Lucas Raymond.
5:00 of 1st overtime period - Goal by Lucas Raymond.
5:00 of 1st overtime period - Maple Leafs, Jesper Bratt.
5:00 of 1st overtime period - Snap shot by Jesper Bratt.
5:00 of 1st overtime period - Goal by Jesper Bratt.
5:00 of 1st overtime period - Round #3.
5:00 of 1st overtime period - Nordiques, Pius Suter.
5:00 of 1st overtime period - Backhand shot by Pius Suter.
5:00 of 1st overtime period - Goal by Pius Suter.